 Dungeon Crawl Stone Soup version 0.27.0-1-g7a089689b8 (webtiles) character file.

Game seed: 15460553048639421355

842 makewrite the Chopper (level 8, -6/70 HPs)
             Began as a Hill Orc Fighter on Aug 15, 2021.
             Mangled by Sigmund (10 damage)
             ... on level 5 of the Dungeon.
             The game lasted 00:08:47 (4323 turns).

makewrite the Chopper (Hill Orc Fighter)            Turns: 4323, Time: 00:08:47

Health: -6/70      AC:  8    Str: 20    XL:     8   Next: 0%
Magic:  8/8        EV:  7    Int:  8    God:
Gold:   128        SH: 10    Dex: 17    Spells: 7/7 levels left

rFire    . . .     SeeInvis .   a - +0 war axe
rCold    . . .     Faith    .   c - +0 kite shield
rNeg     . . .     Spirit   .   s - +0 scale mail
rPois    .         Reflect  .   l - +0 helmet
rElec    .         Harm     .   (no cloak)
rCorr    +         Rampage  .   (no gloves)
Will     .....                  (no boots)
Stlth    ..........             (no amulet)
HPRegen  0.21/turn              g - +6 ring of dexterity
MPRegen  0.11/turn              k - ring of resist corrosion

@: no status effects
A: no striking features
a: no special abilities


You were on level 5 of the Dungeon.
You visited 1 branch of the dungeon, and saw 5 of its levels.

You collected 128 gold pieces.

Inventory:

Hand Weapons
 a - a +0 war axe (weapon)
 b - a +0 trident
Missiles
 r - 10 poisoned darts (quivered)
Armour
 c - a +0 kite shield (worn)
 l - a +0 helmet (worn)
 s - a +0 scale mail (worn)
Jewellery
 g - a +6 ring of dexterity (left hand)
 k - a ring of resist corrosion (right hand)
Scrolls
 e - a scroll of magic mapping
 f - a scroll of enchant weapon {unknown}
 h - a scroll of holy word {unknown}
 i - a scroll of summoning
 j - a scroll of blinking {unknown}
 o - a scroll of fog {unknown}
 u - a scroll of identify {unknown}
Potions
 d - a potion of might
 m - a potion of heal wounds {unknown}
 n - a potion of lignification {unknown}
 p - a potion of brilliance {unknown}
 q - a potion of invisibility {unknown}
 t - 2 potions of mutation {unknown}


   Skills:
 + Level 5.9 Fighting
 * Level 7.5 Axes
 + Level 5.4 Armour
 + Level 5.3 Shields


You had 7 spell levels left.
You didn't know any spells.
Your spell library contained the following spells:

 Spells                   Type           Power      Damage    Failure   Level
 Magic Dart               Conj           0%         1d3       99%         1
 Searing Ray              Conj           0%         3d3       99%         2
 Fulminant Prism          Conj/Hex       0%         3d6       100%        4


Dungeon Overview and Level Annotations

Branches:
Dungeon (5/15)
 Temple: D:4-7

Altars:

Shops:
D:1 [

Annotations:
D:3 3 runed translucent doors, flestrin's ghost, amateur DsTm
D:5 1 transporter, Ijyb; Sigmund


Message History

You're too confused to move!
You feel sick. The scorpion stings you.
* * * LOW HITPOINT WARNING * * *
You feel sick.
You're too confused to move!
You feel less confused.
You feel sick. You block the scorpion's attack. x2
Unknown command.
You feel sick.
You feel sick.
You feel sick.
There is a stone staircase leading up here.
As you read the scroll of summoning, it crumbles to dust.
Wisps of shadow whirl around you...
You feel sick.
You are no longer poisoned.
A puff of flame appears from out of thin air!
The puff of flame hits your hound skeleton!
You block the scorpion's attack.
Unknown command.
You slash the scorpion!
The scorpion is severely wounded.
The scorpion stings you.
* * * LOW HITPOINT WARNING * * *
Your hound skeleton closely misses the scorpion.
Your ice beast hits the scorpion but does no damage.
You block the scorpion's attack.
You slash the scorpion!
You kill the scorpion!
You have reached level 8!
You swap places.
Something hits you but does no damage.
You start resting.
You hear some strange, mumbled words.
Something tries to affect you, but you resist.
There is a strange disturbance nearby!
You swap places.
There is a stone staircase leading up, spattered with blood here.
Unknown command.
Something hits you!
* * * LOW HITPOINT WARNING * * *
Something hits you!
You die...

#........#.#
#........#.#
##........#.#
#...........#.#
#....###+##.#>##
#.... #.......#
##### ##...#..#
.......#..###
####.#.#.ZY@#
...#.#.####
#.###.#.# #.
#.#.# # ..#.#
#.# ..# ####


You could see a friendly ice beast (summoned) and a friendly hound skeleton
(summoned).

Vanquished Creatures
  A sky beast (D:5)
  A bullfrog (D:4)
  2 scorpions
  2 water moccasin skeletons
  2 bullfrog zombies
  2 hounds
  2 centaur skeletons
  Jessica (D:3)
  An iguana (D:4)
  An orc wizard (D:4)
  6 gnolls
  A howler monkey skeleton (D:5)
  5 adders
  A worm (D:3)
  3 dart slugs
  4 orcs (D:4)
  3 endoplasms
  8 giant cockroaches
  4 goblins
  4 hobgoblins
  4 jackals (D:2)
  3 quokkas
  3 ball pythons
  5 bats
  2 frilled lizards
  5 kobolds
  6 rats (D:2)
82 creatures vanquished.

Vanquished Creatures (collateral kills)
  A gnoll (D:4)
  A dart slug (D:4)
2 creatures vanquished.

Grand Total: 84 creatures vanquished

Notes
Turn   | Place    | Note
-------+----------+-------------------------------------------
     0 | D:1      | makewrite the Hill Orc Fighter began the quest for the Orb.
     0 | D:1      | Reached XP level 1. HP: 19/19 MP: 1/1
   174 | D:1      | Reached XP level 2. HP: 27/27 MP: 2/2
   290 | D:1      | Found Kopsiecs's Armour Emporium.
   390 | D:1      | Reached skill level 3 in Axes
   838 | D:2      | Reached XP level 3. HP: 30/33 MP: 3/3
  1792 | D:3      | Reached XP level 4. HP: 36/40 MP: 4/4
  1951 | D:3      | Noticed Jessica
  1959 | D:3      | Killed Jessica
  1960 | D:3      | Reached skill level 4 in Axes
  2124 | D:3      | Found a runed translucent gate.
  2125 | D:3      | Found a runed translucent gate.
  2126 | D:3      | Found a runed translucent gate.
  2128 | D:3      | Noticed flestrin's ghost (amateur DsTm)
  2175 | D:3      | Noticed a scorpion
  2225 | D:2      | Killed a scorpion
  2226 | D:2      | Reached XP level 5. HP: 20/47 MP: 5/5
  2408 | D:2      | Reached skill level 5 in Axes
  2611 | D:3      | Reached XP level 6. HP: 42/53 MP: 6/6
  3090 | D:4      | Reached skill level 5 in Fighting
  3119 | D:4      | Reached skill level 6 in Axes
  3414 | D:4      | Reached XP level 7. HP: 50/61 MP: 7/7
  3831 | D:4      | Reached skill level 5 in Armour
  3831 | D:4      | Reached skill level 5 in Shields
  3978 | D:5      | Entered Level 5 of the Dungeon
  3990 | D:5      | Reached skill level 7 in Axes
  4257 | D:5      | Found a transporter.
  4268 | D:5      | Noticed Sigmund
  4268 | D:5      | Noticed Ijyb
  4318 | D:5      | Reached XP level 8. HP: 9/70 MP: 8/8
  4322 | D:5      | HP: 3/70 [something (7)]
  4323 | D:5      | Mangled by Sigmund

Illustrated notes

Levels and vault maps discovered:
D:1:      psy_arrival_spokes, layout_basic, serial_shops, nicolae_shop_stone,
          st_stairs_14
D:2:      layout_loops_ring
D:3:      layout_basic, ebering_ghost_rock_garden, uniq_jessica
D:4:      layout_loops_ring
D:5:      layout_basic, gammafunk_ghost_smash, uniq_sigmund, uniq_ijyb

Skill      XL: |  1  2  3  4  5  6  7 |
---------------+----------------------+-----
Axes           | 3 4 5 6 7 |  7.5
Fighting       | 4 5 |  5.9
Armour         | 4 5 |  5.4
Shields        | 4 5 |  5.3

Action                   |  1- 3 |  4- 6 |  7- 9 || total
-------------------------+-------+-------+-------++-------
Melee: War axe           |   116 |   111 |    59 ||   286
Throw: Dart              |       |     8 |     5 ||    13
  Use: Scroll            |     1 |     1 |     1 ||     3
 Stab: Distracted        |       |     1 |       ||     1
Armor: Scale mail        |    77 |    54 |    30 ||   161
Dodge: Dodged            |    44 |    35 |    24 ||   103
Block: Kite shield       |    73 |    76 |    44 ||   193
